 Dungeon Crawl Stone Soup version 0.32-a0-468-g38b2580584 (webtiles) character file.

Game seed: 10850934786911466408

51 CougarLife the Digger (level 3, -3/19 HPs)
             Began as a Gargoyle Earth Elementalist on Feb 25, 2024.
             Slain by a ribbon worm (5 damage)
             ... on level 2 of the Dungeon.
             The game lasted 00:00:56 (1484 turns).

CougarLife the Digger (Gargoyle Earth Elementalist) Turns: 1484, Time: 00:00:56

Health: -3/19      AC:  5    Str: 11    XL:     3   Next: 83%
Magic:  0/7        EV: 11    Int: 17    God:
Gold:   51         SH:  0    Dex: 10    Spells: 6/7 levels left

rFire   . . .        (no weapon)
rCold   . . .        (no shield)
rNeg    + . .        a - +0 robe
rPois   ∞            (no helmet)
rElec   +            (no cloak)
rCorr   .            (no gloves)
SInv    .            (no boots)
Will    .....        (no amulet)
Stlth   ++           (no ring)
HPRegen 0.23/turn    (no ring)
MPRegen 0.10/turn

%: no passive effects
@: no status effects
A: sickness immunity, AC +3, negative energy resistance 1, electricity
resistance, torment resistance 1, petrification resistance
a: no special abilities


You were on level 2 of the Dungeon.
You visited 1 branch of the dungeon, and saw 2 of its levels.

You collected 51 gold pieces.

Inventory:

Armour
 a - a +0 robe (worn)
Scrolls
 c - a scroll of fear {unknown}
 f - a scroll of fog {unknown}
 h - a scroll of teleportation {unknown}
Potions
 b - a potion of magic
 d - a potion of haste {unknown}
 e - a potion of mutation {unknown}
 g - a potion of berserk rage {unknown}


   Skills:
 - Level 1.5 Dodging
 - Level 2.1 Stealth
 + Level 2.7 Spellcasting
 + Level 2.3 Conjurations
 + Level 4.3 Earth Magic


You had 6 spell levels left.
You knew the following spells:

 Your Spells              Type           Power      Damage    Failure   Level
a - Sandblast             Erth           34%        2d9       3%          1

Your spell library contained the following spells:

 Spells                   Type           Power      Damage    Failure   Level
 Passwall                 Erth           17%        N/A       9%          3
 Stone Arrow              Conj/Erth      26%        3d8       14%         3
 Lesser Beckoning         Tloc           4%         N/A       26%         2
 Brom's Barrelling Bould  Conj/Erth      13%        2d4       41%         4
 Gell's Gravitas          Tloc           2%         N/A       47%         3
 Teleport Other           Tloc           2%         N/A       47%         3
 Petrify                  Alch/Erth      9%         N/A       58%         4


Dungeon Overview and Level Annotations

Branches:
Dungeon (2/15)

Altars:
Yredelemnul


Innate Abilities, Weirdness & Mutations

You are immune to sickness and miasma.
Your stone body is resilient. (AC +3)
You are immune to poison.
You resist negative energy. (rN+)
You are resistant to electric shocks. (rElec)
You are resistant to unholy torment.
You are immune to petrification.


Message History

You are caught in a web!
You are out of magic!
You are caught in a web!
A ribbon worm is nearby!
You struggle to detach yourself from the web.
The web tears apart.
The ribbon worm bites you!
You barely miss the ribbon worm.
The ribbon worm is lightly wounded.
The ribbon worm bites you but does no damage.
You hit the ribbon worm.
The ribbon worm is moderately wounded.
The ribbon worm barely misses you.
You hit the ribbon worm.
The ribbon worm is moderately wounded.
The ribbon worm bites you.
Casting: Sandblast (safe; 3% risk of failure)
Confirm with . or Enter, or press ? or * to list all spells.
Aiming: Sandblast (safe; 3% risk of failure)
Press: ? - help, Shift-Dir - straight line, f/p - ribbon worm
Aim: a ribbon worm (moderately wounded, 94% to hit)
The blast of sand hits the ribbon worm.
The ribbon worm is severely wounded.
The ribbon worm barely misses you.
Casting: Sandblast (safe; 3% risk of failure)
Confirm with . or Enter, or press ? or * to list all spells.
You don't have enough magic to cast this spell.
Unknown command.
You hit the ribbon worm.
The ribbon worm is severely wounded.
The ribbon worm bites you!
* * * LOW HITPOINT WARNING * * *
You hit the ribbon worm but do no damage.
The ribbon worm is severely wounded.
You hit the ribbon worm.
The ribbon worm is severely wounded.
The ribbon worm expels a string of sticky webbing.
The stream of webbing hits you but does no damage.
You are caught in a web!
The web tears apart.
The ribbon worm bites you.
You die...

#######
......############
#####..w.wr......# #
############w# # #@# #
#.# # #.# # #.# # #.# #
#####.##### ###
#.........# ##.## .
###.........######.#.###
#.
##.................###...


You could see a ribbon worm (catching breath).

Vanquished Creatures
  A ribbon worm (D:2)
  4 dart slugs
  6 ball pythons
  6 endoplasms
  2 giant cockroaches (D:1)
  3 jackals (D:2)
  4 quokkas
  2 bats (D:2)
  3 frilled lizards (D:1)
  A goblin (D:1)
  4 kobolds
  2 rats (D:1)
38 creatures vanquished.

Notes
Turn   | Place    | Note
-------+----------+-------------------------------------------
     0 | D:1      | CougarLife the Gargoyle Earth Elementalist began the quest
                  | for the Orb.
     0 | D:1      | Reached XP level 1. HP: 10/10 MP: 3/3
   130 | D:1      | Reached XP level 2. HP: 15/15 MP: 3/5
   287 | D:1      | You fall into a shaft and drop 1 floor!
   417 | D:1      | Reached skill level 4 in Earth Magic
   659 | D:1      | Reached XP level 3. HP: 19/19 MP: 3/6
  1328 | D:2      | Found a basalt altar of Yredelemnul.
  1484 | D:2      | Slain by a ribbon worm

Illustrated notes

Levels and vault maps discovered:
D:1:      roadster_arrival_rocket_large, layout_basic,
          hangedman_decor_clover_reticule
D:2:      layout_loops_ring, basic_altar, grunt_decor_resistance

Skill      XL: |  1  2  3 |
---------------+----------+-----
Earth Magic    | 4 |  4.3
Conjurations   | 2 |  2.3
Dodging        | |  1.5
Stealth        | |  2.1
Spellcasting   | |  2.7

Action                     || total
---------------------------++-------
  Melee: Unarmed           ||    23
   Cast: Sandblast         ||    58
 Armour: Robe              ||    39
  Dodge: Dodged            ||    22

Table legend: (Time is in decaauts)
 A = Elapsed time spent in this place.
 B = Non-inter-level travel time spent in this place.
 C = Inter-level travel time spent in this place.
 D = Time resting spent in this place.
 E = Time spent auto-exploring this place.
 F = Levels seen in this place.
 G = Mean time per level.
                   A        B        C        D        E       F      G
               +--------+--------+--------+--------+--------+-----+--------+
         Total |   1513 |   1464 |     49 |      0 |   1204 |   2 |  756.5 |
       Dungeon |   1513 |   1464 |     49 |      0 |   1204 |   2 |  756.5 |
               +--------+--------+--------+--------+--------+-----+--------+

Top non-repeatable levels by time:
     D:1: 1136 daAuts
     D:2: 377 daAuts
